IL
PAWTUCKET RED SOX @ LEHIGH VALLEY IRONPIGS
09/06/2106
 
TOP OF THE 1ST
Pawtucket Red Sox batting - Pitching for Lehigh Valley IronPigs : RHP Matt Grimes
Pitching: RHP Matt Grimes
Batting: LHB Nick Olds 0-0: Called Strike
0-1: Foul Ball, location: 3FF
0-2: Strikes out swinging
Batting: RHB Antonio Garcia 0-0: Foul Ball, location: 5F
0-1: Ground out 5-3 (Groundball, 56S, EV 62.5 MPH)
Batting: RHB Allan Chapman 0-0: Ball
1-0: Ball
2-0: Ball
3-0: Base on Balls
Batting: RHB Tony Magana 0-0: Called Strike
0-1: Ball
1-1: Swinging Strike
1-2: DOUBLE (Line Drive, 7LS, EV 105.6 MPH)
Allan Chapman to third
Runner from 3rd tries for Home, SAFE, no throw by LF
Batting: LHB Dan O'Brien 0-0: Foul Ball, location: 7LSF
0-1: Foul Ball, location: 2F
0-2: Foul Ball, location: 2F
0-2: Ball
1-2: Strikes out swinging
Top of the 1st over - 1 run, 1 hit, 0 errors, 1 left on base; Pawtucket 1 - Lehigh Valley 0
BOTTOM OF THE 1ST
Lehigh Valley IronPigs batting - Pitching for Pawtucket Red Sox : LHP Tim Payton
Pitching: LHP Tim Payton
Batting: RHB Mark Bryan 0-0: Ball
1-0: Ball
2-0: Fly out, F8 (Flyball, 8RM, EV 92.5 MPH)
Batting: LHB Ray Godbolt 0-0: Called Strike
0-1: Ground out 3-1 (Groundball, 34, EV 86.3 MPH)
Batting: RHB Nate Armour 0-0: Ball
1-0: Called Strike
1-1: Called Strike
1-2: Ball
2-2: Foul Ball, location: 3F
2-2: Foul Ball, location: 2F
2-2: Ball
3-2: Strikes out looking
Bottom of the 1st over - 0 runs, 0 hits, 0 errors, 0 left on base; Pawtucket 1 - Lehigh Valley 0
TOP OF THE 2ND
Pawtucket Red Sox batting - Pitching for Lehigh Valley IronPigs : RHP Matt Grimes
Batting: RHB Stephon Houston 0-0: Foul Ball, location: 7LSF
0-1: Ball
1-1: Ball
2-1: SINGLE (Groundball, 4D, EV 102.5 MPH)
Batting: RHB Jesus Vaca 0-0: Called Strike
0-1: Ball
1-1: Ball
2-1: Foul Ball, location: 9LSF
2-2: Strikes out swinging
Batting: LHB Juan Roldan 0-0: Called Strike
0-1: Called Strike
0-2: Ball
1-2: Ball
2-2: Foul Ball, location: 25FF
2-2: Ball
3-2: Base on Balls
Stephon Houston to second
Batting: LHB Mike Dolinsky 0-0: Ball
1-0: Swinging Strike
1-1: SINGLE (Line Drive, 7LM, EV 108.8 MPH)
Stephon Houston to third
Juan Roldan to second
Runner from 3rd tries for Home, SAFE, throw by LF to home
Batting: LHB Nick Olds 0-0: Ball
1-0: Fly out, F9 (Flyball, 89XD, EV 95.6 MPH)
Batting: RHB Antonio Garcia 0-0: Ball
1-0: Called Strike
1-1: Ball
2-1: Foul Ball, location: 2F
2-2: DOUBLE (Flyball, 8LXD, EV 110.6 MPH)
Juan Roldan scores
Mike Dolinsky to third
Batting: RHB Allan Chapman 0-0: Ball
1-0: Called Strike
1-1: Ball
2-1: Ball
3-1: Base on Balls
Batting: RHB Tony Magana 0-0: Ball
1-0: Ball
2-0: Called Strike
2-1: SINGLE (Groundball, 34D, EV 108.1 MPH)
Mike Dolinsky scores
Antonio Garcia to third
Allan Chapman to second
Runner from 3rd tries for Home, SAFE, throw by RF to home
Allan Chapman to third
Tony Magana to second
Batting: LHB Dan O'Brien 0-0: Called Strike
0-1: Ball
1-1: Ball
2-1: Swinging Strike
2-2: Strikes out looking
Top of the 2nd over - 4 runs, 4 hits, 0 errors, 2 left on base; Pawtucket 5 - Lehigh Valley 0
BOTTOM OF THE 2ND
Lehigh Valley IronPigs batting - Pitching for Pawtucket Red Sox : LHP Tim Payton
Batting: RHB Marc Wade 0-0: Ball
1-0: Ball
2-0: Ball
3-0: Base on Balls
Batting: LHB Carlos Parez 0-0: Swinging Strike
0-1: Foul Ball, location: 5SF
0-2: Ball
1-2: Foul Ball, location: 7LSF
1-2: Ball
2-2: Ball
3-2: Strikes out swinging
Batting: LHB Jim Unknown 0-0: Swinging Strike
0-1: Ball
1-1: Foul Ball, location: 2F
1-2: Ball
2-2: Strikes out looking
Batting: RHB Jim Unknown 0-0: Ball
1-0: Ball
2-0: Swinging Strike
2-1: Called Strike
2-2: Ball
3-2: Strikes out swinging
Bottom of the 2nd over - 0 runs, 0 hits, 0 errors, 1 left on base; Pawtucket 5 - Lehigh Valley 0
TOP OF THE 3RD
Pawtucket Red Sox batting - Pitching for Lehigh Valley IronPigs : RHP Matt Grimes
Pitching: RHP Dan Huckaby
Batting: RHB Stephon Houston 0-0: Foul Ball, location: 2F
0-1: SINGLE (Line Drive, 78M, EV 100.0 MPH)
Batting: RHB Jesus Vaca 0-0: DOUBLE (Flyball, 8RD, EV 109.4 MPH)
Stephon Houston to third
Batting: LHB Juan Roldan 0-0: Ball
1-0: DOUBLE (Flyball, 8RXD, EV 107.5 MPH)
Stephon Houston scores
Jesus Vaca scores
Batting: LHB Mike Dolinsky 0-0: Ball
1-0: Called Strike
1-1: Foul Ball, location: 9LSF
1-2: Foul Ball, location: 2F
1-2: Ball
2-2: Strikes out swinging
Batting: LHB Nick Olds 0-0: Ball
1-0: Fly out, F7 (Line Drive, 7, EV 97.5 MPH)
Batting: RHB Antonio Garcia 0-0: Ball
1-0: Swinging Strike
1-1: SINGLE (Line Drive, 78S, EV 86.9 MPH)
Juan Roldan to third
Runner from 3rd tries for Home, throw by LF and OUT! 7-2
Top of the 3rd over - 2 runs, 4 hits, 0 errors, 1 left on base; Pawtucket 7 - Lehigh Valley 0
BOTTOM OF THE 3RD
Lehigh Valley IronPigs batting - Pitching for Pawtucket Red Sox : LHP Tim Payton
Batting: RHB Jim Unknown 0-0: Called Strike
0-1: Swinging Strike
0-2: Strikes out swinging
Batting: LHB Jim Unknown 0-0: Called Strike
0-1: Swinging Strike
0-2: Strikes out looking
Batting: RHB Mark Bryan 0-0: Foul Ball, location: 2F
0-1: Foul Ball, location: 2F
0-2: Ball
1-2: Reached on error, E6 (Groundball, 56, EV 93.8 MPH)
Batting: LHB Ray Godbolt 0-0: Called Strike
0-1: Ball
1-1: Ball
Mark Bryan steals 2nd base
2-1: Foul Ball, location: 5F
2-2: Fly out, F9 (Flyball, 89M, EV 98.1 MPH)
Bottom of the 3rd over - 0 runs, 0 hits, 1 error, 1 left on base; Pawtucket 7 - Lehigh Valley 0
TOP OF THE 4TH
Pawtucket Red Sox batting - Pitching for Lehigh Valley IronPigs : RHP Dan Huckaby
Batting: RHB Allan Chapman 0-0: Swinging Strike
0-1: Ball
1-1: Foul Ball, location: 5F
1-2: Strikes out swinging
Batting: RHB Tony Magana 0-0: Called Strike
0-1: Called Strike
0-2: Ball
1-2: Ball
2-2: Fly out, F8 (Flyball, 8LM, EV 81.3 MPH)
Batting: LHB Dan O'Brien 0-0: Foul Ball, location: 3FF
0-1: Foul Ball, location: 25FF
0-2: Foul Ball, location: 25F
0-2: Strikes out swinging
Top of the 4th over - 0 runs, 0 hits, 0 errors, 0 left on base; Pawtucket 7 - Lehigh Valley 0
BOTTOM OF THE 4TH
Lehigh Valley IronPigs batting - Pitching for Pawtucket Red Sox : LHP Tim Payton
Batting: RHB Nate Armour 0-0: Called Strike
0-1: Ground out 5-3 (Groundball, 56, EV 85.0 MPH)
Batting: RHB Marc Wade 0-0: Called Strike
0-1: SINGLE (Groundball, 34D, EV 96.3 MPH)
Batting: LHB Carlos Parez 0-0: Ball
Passed Ball!
Marc Wade to second
1-0: Ball
2-0: Called Strike
2-1: Ball
3-1: SINGLE (Groundball, 6MD, EV 107.5 MPH)
Marc Wade to third
Runner from 3rd tries for Home, SAFE, throw by CF to home
Carlos Parez to second
Batting: LHB Jim Unknown 0-0: Swinging Strike
0-1: Ball
1-1: Swinging Strike
1-2: Ball
2-2: Foul Ball, location: 3FF
2-2: Ball
3-2: Strikes out swinging
Batting: RHB Jim Unknown 0-0: Ground out 3-1 (Groundball, 34, EV 106.9 MPH)
Bottom of the 4th over - 1 run, 2 hits, 0 errors, 1 left on base; Pawtucket 7 - Lehigh Valley 1
TOP OF THE 5TH
Pawtucket Red Sox batting - Pitching for Lehigh Valley IronPigs : RHP Dan Huckaby
Batting: RHB Stephon Houston 0-0: Fly out, F7 (Flyball, 78M, EV 75.6 MPH)
Batting: RHB Jesus Vaca 0-0: Called Strike
0-1: Called Strike
0-2: Strikes out swinging
Batting: LHB Juan Roldan 0-0: Ball
1-0: Ball
2-0: Swinging Strike
2-1: Called Strike
2-2: Foul Ball, location: 2F
2-2: Strikes out swinging
Top of the 5th over - 0 runs, 0 hits, 0 errors, 0 left on base; Pawtucket 7 - Lehigh Valley 1
BOTTOM OF THE 5TH
Lehigh Valley IronPigs batting - Pitching for Pawtucket Red Sox : LHP Tim Payton
Batting: RHB Jim Unknown 0-0: Foul Ball, location: 2F
0-1: Foul Ball, location: 2F
0-2: Ball
1-2: Fly out, F6 (Popup, 15, EV 74.4 MPH)
Batting: LHB Jim Unknown 0-0: Called Strike
0-1: Ball
1-1: Swinging Strike
1-2: Foul Ball, location: 2F
1-2: Strikes out swinging
Batting: RHB Mark Bryan 0-0: Ball
1-0: Ball
2-0: Called Strike
2-1: Ball
3-1: Foul Ball, location: 9LMF
3-2: SINGLE (Groundball, 6MD, EV 105.0 MPH)
Batting: LHB Ray Godbolt 0-0: Called Strike
Mark Bryan steals 2nd base
0-1: Fly out, F8 (Flyball, 8LD, EV 105.0 MPH)
Bottom of the 5th over - 0 runs, 1 hit, 0 errors, 1 left on base; Pawtucket 7 - Lehigh Valley 1
TOP OF THE 6TH
Pawtucket Red Sox batting - Pitching for Lehigh Valley IronPigs : RHP Dan Huckaby
Batting: LHB Mike Dolinsky 0-0: Ball
1-0: Ball
2-0: SINGLE (Groundball, 3D, EV 96.3 MPH)
Batting: LHB Nick Olds 0-0: Ball
1-0: Ball
2-0: Ball
3-0: Called Strike
3-1: Foul Ball, location: 5F
3-2: Fly out, F3 (Popup, 23F, EV 87.5 MPH)
Batting: RHB Antonio Garcia 0-0: Foul Ball, location: 9LDF
0-1: Ball
1-1: Ball
2-1: SINGLE (Line Drive, 7S, EV 94.4 MPH)
Mike Dolinsky to second
Pitching: RHP Jim Unknown
Batting: RHB Allan Chapman 0-0: Ball
1-0: Swinging Strike
1-1: Swinging Strike
1-2: Fly out, F8 (Line Drive, 8RM, EV 95.0 MPH)
Batting: RHB Tony Magana 0-0: Called Strike
0-1: Ball
1-1: Ball
2-1: Ball
3-1: Called Strike
3-2: Base on Balls
Mike Dolinsky to third
Antonio Garcia to second
Batting: LHB Dan O'Brien 0-0: Ball
1-0: Called Strike
1-1: Called Strike
1-2: Strikes out swinging
Top of the 6th over - 0 runs, 2 hits, 0 errors, 3 left on base; Pawtucket 7 - Lehigh Valley 1
BOTTOM OF THE 6TH
Lehigh Valley IronPigs batting - Pitching for Pawtucket Red Sox : LHP Tim Payton
Batting: RHB Nate Armour 0-0: Ball
1-0: Called Strike
1-1: Ground out 6-3 (Groundball, 6, EV 86.9 MPH)
Batting: RHB Marc Wade 0-0: Called Strike
0-1: Foul Ball, location: 2F
0-2: Foul Ball, location: 7LMFF
0-2: Strikes out swinging
Batting: LHB Carlos Parez 0-0: Called Strike
0-1: Fly out, F7 (Flyball, 7, EV 91.9 MPH)
Bottom of the 6th over - 0 runs, 0 hits, 0 errors, 0 left on base; Pawtucket 7 - Lehigh Valley 1
TOP OF THE 7TH
Pawtucket Red Sox batting - Pitching for Lehigh Valley IronPigs : RHP Jim Unknown
Batting: RHB Stephon Houston 0-0: Swinging Strike
0-1: Ball
1-1: Swinging Strike
1-2: Ball
2-2: Foul Ball, location: 2F
2-2: Ball
3-2: Foul Ball, location: 9LSF
3-2: Strikes out swinging, 2-3 out at first.
Batting: RHB Jesus Vaca 0-0: Called Strike
0-1: Ball
1-1: Ball
2-1: Ball
3-1: Base on Balls
Batting: LHB Juan Roldan 0-0: Called Strike
0-1: Foul Ball, location: 5DF
0-2: Strikes out swinging
Batting: LHB Mike Dolinsky 0-0: Called Strike
0-1: Ball
1-1: Fly out, F5 (Popup, 5SF, EV 75.0 MPH)
Top of the 7th over - 0 runs, 0 hits, 0 errors, 1 left on base; Pawtucket 7 - Lehigh Valley 1
BOTTOM OF THE 7TH
Lehigh Valley IronPigs batting - Pitching for Pawtucket Red Sox : LHP Tim Payton
Batting: LHB Jim Unknown 0-0: Foul Ball, location: 2F
0-1: Called Strike
0-2: Strikes out swinging
Pitching: RHP Jim Binkley
Batting: RHB Jim Unknown 0-0: SINGLE (Line Drive, 9S, EV 90.0 MPH)
Batting: RHB Jim Unknown 0-0: Ball
1-0: Foul Ball, location: 2F
1-1: Called Strike
1-2: Ball
2-2: Strikes out swinging
Batting: LHB Jim Unknown 0-0: Called Strike
0-1: Called Strike
0-2: Strikes out swinging
Bottom of the 7th over - 0 runs, 1 hit, 0 errors, 1 left on base; Pawtucket 7 - Lehigh Valley 1
TOP OF THE 8TH
Pawtucket Red Sox batting - Pitching for Lehigh Valley IronPigs : RHP Jim Unknown
Batting: LHB Nick Olds 0-0: Fly out, F4 (Line Drive, 34, EV 68.1 MPH)
Batting: RHB Antonio Garcia 0-0: Ball
1-0: TRIPLE (Flyball, 78XD, EV 90.0 MPH)
Batting: RHB Allan Chapman 0-0: Foul Ball, location: 2F
0-1: Foul Ball, location: 25F
0-2: Foul Ball, location: 7LDF
0-2: Fly out, F4 (Line Drive, 4MD, EV 70.6 MPH)
Batting: RHB Tony Magana 0-0: Ball
1-0: Swinging Strike
1-1: Foul Ball, location: 7LMF
1-2: Strikes out swinging
Top of the 8th over - 0 runs, 1 hit, 0 errors, 1 left on base; Pawtucket 7 - Lehigh Valley 1
BOTTOM OF THE 8TH
Lehigh Valley IronPigs batting - Pitching for Pawtucket Red Sox : RHP Jim Binkley
Batting: RHB Mark Bryan 0-0: Ball
1-0: Foul Ball, location: 2F
1-1: Called Strike
1-2: Ball
2-2: Strikes out swinging
Batting: LHB Ray Godbolt 0-0: Called Strike
0-1: Swinging Strike
0-2: Foul Ball, location: 3F
0-2: Foul Ball, location: 5F
0-2: Ball
1-2: Fly out, F7 (Line Drive, 7S, EV 105.6 MPH)
Batting: RHB Nate Armour 0-0: Ball
1-0: Swinging Strike
1-1: Ball
2-1: Ball
3-1: Base on Balls
Batting: RHB Marc Wade 0-0: Ball
1-0: Called Strike
1-1: Ground out 6-3 (Groundball, 6MS, EV 68.1 MPH)
Bottom of the 8th over - 0 runs, 0 hits, 0 errors, 1 left on base; Pawtucket 7 - Lehigh Valley 1
TOP OF THE 9TH
Pawtucket Red Sox batting - Pitching for Lehigh Valley IronPigs : RHP Jim Unknown
Batting: LHB Dan O'Brien 0-0: Fly out, F6 (Line Drive, 56D, EV 68.8 MPH)
Batting: RHB Stephon Houston 0-0: Ball
1-0: Ball
2-0: Called Strike
2-1: Ground out 6-3 (Groundball, 6, EV 80.0 MPH)
Batting: RHB Jesus Vaca 0-0: Foul Ball, location: 2F
0-1: Ball
1-1: Called Strike
1-2: Foul Ball, location: 2F
1-2: Ball
2-2: Ground out 5-3 (Groundball, 15, EV 81.3 MPH)
Top of the 9th over - 0 runs, 0 hits, 0 errors, 0 left on base; Pawtucket 7 - Lehigh Valley 1
BOTTOM OF THE 9TH
Lehigh Valley IronPigs batting - Pitching for Pawtucket Red Sox : RHP Jim Binkley
Batting: LHB Carlos Parez 0-0: Ball
1-0: Ball
2-0: Ball
3-0: Called Strike
3-1: Foul Ball, location: 2F
3-2: SINGLE (Line Drive, 78M, EV 90.6 MPH)
Batting: LHB Jim Unknown 0-0: Ball
1-0: Fly out, F7 (Flyball, 7, EV 79.4 MPH)
Batting: RHB Jim Unknown 0-0: Called Strike
0-1: Fly out, F8 (Flyball, 89D, EV 93.8 MPH)
Batting: RHB Jim Unknown 0-0: Ball
1-0: Foul Ball, location: 9LMF
1-1: Foul Ball, location: 2F
1-2: Ball
2-2: Foul Ball, location: 2F
2-2: Fly out, F8 (Flyball, 89M, EV 88.1 MPH)
Bottom of the 9th over - 0 runs, 1 hit, 0 errors, 1 left on base; Pawtucket 7 - Lehigh Valley 1
Thursday, January 16th , 2025 - OOTP Baseball 25.11 Build 101